[Event "*** Titled Tuesday Blitz"]
[Site "Chess.com"]
[Date "2020.05.05"]
[Round "8"]
[White "szefru"]
[Black "NemtsevIgor"]
[Result "1-0"]
[WhiteElo "2097"]
[BlackElo "2285"]
[TimeControl "180+1"]
[EndTime "11:36:37 PDT"]
[Termination "szefru won by checkmate"]

1. e4 c6 2. d4 d5 3. Nc3 h6 4.
Bf4 dxe4 5. Nxe4 Bf5 6. Ng3 Bh7 7. Bc4 e6 8. N1e2 Nf6 9. O-O Nd5 10. Bxd5 cxd5 11.
Be3 Nc6 12. f4 Be7 13. c3 O-O 14. f5 exf5 15. Nxf5 Bg5 16. Bxg5 Qxg5 17. Neg3 Rae8 18. Qf3 Re6 19. Qxd5 g6 20. h4 Qd8 21. Qxd8 Nxd8 22.
Nxh6+ Kg7 23. Ng4 f6 24. Rae1 Bg8 25. b3 a5 26. c4 b6 27. d5 Rxe1 28. Rxe1 Kf7 29.
Ne4 f5 30. Ng5+ Kg7 31. Re7+ Kh8 32. Ne5 Rf6 33. Re8 Nb7 34. Rb8 Nc5 35. Nc6 f4 36.
Rxb6 Rf5 37. Rb8 Kg7 38. Ne7 Re5 39. Nxg8 Re2 40. d6 f3 41. Nxf3 Ne4 42. Ne7 Ng3 43. Nd5 Re6 44. d7 Ne2+ 45. Kf2 Rd6 46. d8=Q Rxd8 47.
Rxd8 Nf4 48. Rd7+ Kh6 49. Ra7 a4 50. Nxf4 g5 51. Ng6 g4 52. Rxa4 Kh5 53. Nfe5 g3+ 54. Kxg3 Kh6 55. Kg4 Kg7 56. c5 Kh6 57. Rc4 Kg7 58.
c6 Kf6 59. c7 Kg7 60. c8=Q Kh6 61. Qf5 Kg7 62. Rc7+ Kh6 63. Qg5# 1-0

[Event "*** Titled Tuesday Blitz"]
[Site "Chess.com"]
[Date "2020.05.05"]
[Round "8"]
[White "abubakrtagelsir"]
[Black "mirciulica14"]
[Result "0-1"]
[WhiteElo "2349"]
[BlackElo "2602"]
[TimeControl "180+1"]
[EndTime "11:36:38 PDT"]
[Termination "mirciulica14 won by checkmate"]

1. e4 e5 2. Nf3 Nc6 3. d4 exd4 4. Bc4 Nf6 5. e5 d5 6. Bb5 Ne4 7. Nxd4 Bd7 8. Bxc6 bxc6 9. O-O Bc5 10. f3 Ng5 11. f4 Ne4 12. Be3 Bb6 13. Nc3 c5 14. Nb3 Nxc3 15.
bxc3 c4 16. Nd4 c5 17. Ne2 Bc6 18. f5 Qd7 19. Ng3 O-O-O 20. a4 a5 21. Bf4 Kb7 22. Rb1 Ka6 23. Qe2 Rhe8 24. Rb2 Ba7 25. Re1 Bxa4 26. Ra1 Bc6 27. Qf1 Rb8 28. e6 fxe6 29. Bxb8 Rxb8 30.
Rxb8 Bxb8 31. fxe6 Qxe6 32. Re1 Qf6 33. Qxf6 gxf6 34.
Re6 Kb5 35. Ne2 Be5 36. Kf2 a4 37. Ke3 a3 38. Nc1 Bxc3 39. Na2 Be5 40. Re7 d4+ 41.
Kd2 c3+ 42. Kc1 Bd5 43. Kb1 Bxh2 44. Rxh7 Be5 45. Rg7 c4 46. Rg6 d3 47. cxd3 cxd3 48. Rg4 c2+ 49. Kc1 Bb2+ 50. Kd2 Bxa2 51. Rf4 c1=Q+ 52. Kxd3 Qxf4 53. Kc2 Qc4+ 54. Kd2 Bc1+ 55. Kd1 Qd3+ 56. Kxc1 Bb3 57. g4 Qc2# 0-1

[Event "*** Titled Tuesday Blitz"]
[Site "Chess.com"]
[Date "2020.05.05"]
[Round "8"]
[White "AminMolaei"]
[Black "DenLaz"]
[Result "1-0"]
[WhiteElo "2532"]
[BlackElo "2666"]
[TimeControl "180+1"]
[EndTime "11:36:40 PDT"]
[Termination "AminMolaei won by checkmate"]

1. d4 d5 2. c4 c6 3. cxd5 cxd5 4. Bf4 Nf6 5. e3 Nc6 6. Nc3 Bf5 7. Rc1 Rc8 8. Qb3 Na5 9. Qa4+ Bd7 10. Bb5 e6 11.
Nf3 a6 12. Bxd7+ Nxd7 13. O-O Rc4 14. Qd1 Be7 15. Nd2 Rc8 16. a3 O-O 17. b4 Nc4 18. Nxc4 Rxc4 19. Na4 Qc8 20. Qd2 Qc6 21. Nb2 Nb6 22.
Nxc4 Nxc4 23. Qd3 b5 24. Ra1 Ra8 25. Rfc1 a5 26. Qc3 h6 27. h3 a4 28. Ra2 Qd7 29. Re2 Bf6 30. f3 Re8 31. Qd3 g5 32. Bh2 Kg7 33. f4 Rc8 34. Rf1 Be7 35. Ref2 f6 36. g4 Nb6 37. fxg5 hxg5 38. Be5 Rf8 39. Bg3 Qc6 40.
Rc2 Nc4 41. Rf3 Rh8 42. Kg2 Qe8 43. Rcf2 Qg6 44. Qxg6+ Kxg6 45. Ra2 Rc8 46. h4 gxh4 47. Bxh4 Nd6 48. Bg3 Ne4 49. Bf4 Rc3 50. Rh3 Rb3 51. Kf3 Nc3 52. Rah2 Ne4 53. Rh6+ Kf7 54. Rh7+ Ke8 55.
Rh8+ Kd7 56. Ra8 e5 57. dxe5 fxe5 58. Bxe5 Bg5 59. Bd4 Rxa3 60. Rh7+ Ke6 61. Ra6+ Nd6 62. Bc5 Bxe3 63. Rxd6+ Ke5 64. Re7# 1-0

[Event "*** Titled Tuesday Blitz"]
[Site "Chess.com"]
[Date "2020.05.05"]
[Round "8"]
[White "talaicito"]
[Black "Dumbo32"]
[Result "0-1"]
[WhiteElo "2206"]
[BlackElo "2402"]
[TimeControl "180+1"]
[EndTime "11:36:40 PDT"]
[Termination "Dumbo32 won by resignation"]

1. d4 d5 2. Bf4 Nf6 3. Nc3 g6 4. e3 Bg7 5. h4 h5 6. Nf3 Bg4 7. Qd2 Bxf3 8. gxf3 Nbd7 9. Nb5 O-O 10. Bxc7 Qc8 11.
Bf4 a6 12. Na3 b5 13. Bd3 Nb6 14. Be5 Qc6 15. O-O-O Nc4 16. Qc3 Nxe5 17. dxe5 Qxc3 18. bxc3 Nd7 19. f4 e6 20. Rhg1 Rfc8 21. Nb1 Nc5 22.
Kd2 Rc7 23. Rg2 Rac8 24. Rdg1 Rd8 25. f3 Kf8 26. Ke2 Na4 27. Kd2 Bh6 28. Bxg6 fxg6 29. Rxg6 Rg7 30. Rxg7 Bxg7 31. Rg5 Kf7 32. Kd3 Rh8 33.
Nd2 Bf8 34. Nb3 Be7 35. Rg1 Bxh4 36. Nd4 Bd8 37. f5 exf5 38. e6+ Kf6 39. f4 h4 40. Ke2 Nc5 41. Kf3 Nxe6 42. Nc6 Bc7 43. Rd1 h3 44. Kg3 h2 45. Rh1 Nc5 46. Rxh2 Ne4+ 47. Kg2 Rxh2+ 48.
Kxh2 Nxc3 49. Kg2 Nxa2 50. Nb4 Nxb4 51. c3 Nd3 52. Kf3 Nc5 53. Ke2 Ne4 54. Kd3 Bb6 55. Kc2 Ke6 56. Kd3 Kd6 57. Kc2 Kc5 58. Kd3 a5 59. Kc2 Kc4 60. Kb2 Nxc3 61. Kc2 Ne4 62. Kb2 a4 63. Ka2 b4 64. Kb2 b3 65. Ka3 Bc5+ 66.
Kxa4 b2 67. Ka5 b1=Q 0-1

[Event "*** Titled Tuesday Blitz"]
[Site "Chess.com"]
[Date "2020.05.05"]
[Round "8"]
[White "Fh2411"]
[Black "RaphaeI"]
[Result "0-1"]
[WhiteElo "2457"]
[BlackElo "2639"]
[TimeControl "180+1"]
[EndTime "11:36:41 PDT"]
[Termination "RaphaeI won by resignation"]

1. d4 Nf6 2. Nf3 d6 3. g3 g6 4. Bg2 Bg7 5. O-O O-O 6. c4 Nbd7 7. Nc3 e5 8. e4 exd4 9. Nxd4 Re8 10. Re1 Nc5 11.
h3 Bd7 12. Bf4 h6 13. Qd2 g5 14. e5 Nh5 15. Be3 Bxe5 16. b4 Ne6 17. Nf5 Qf6 18.
Nd5 Qxf5 19. g4 Qg6 20. gxh5 Qxh5 21. Rab1 c6 22. Nc3 Nf4 23. Bxf4 Bxf4 24. Qd3 Qg6 25. Qxg6+ fxg6 26. Ne4 Bf5 27. Nf6+ Kf7 28. Nxe8 Bxb1 29. Nxd6+ Bxd6 30. Rxb1 Re8 31. c5 Bf8 32. Bf3 Kf6 33. Rd1 Re7 34. Kg2 h5 35. Rd8 Bg7 36. a4 a6 37. Rb8 Kf5 38. b5 axb5 39. axb5 g4 40. hxg4+ hxg4 41. Bd1 cxb5 42. Bc2+ Kg5 43. Rc8 b4 44.
Bb3 Bd4 45. c6 bxc6 46. Rxc6 Re2 47. Rc4 Rxf2+ 48. Kh1 Rf1+ 49. Kh2 Be5+ 50. Kg2 Rb1 51. Bc2 Rb2 52. Kf1 b3 53. Bd3 g3 54. Be4 Rf2+ 55. Kg1 b2 56. Rb4 Kf4 57. Bxg6+ Ke3 58. Rb3+ Kf4 59.
Rb4+ Kg5 60. Bh7 Rd2 61. Rb3 Bd4+ 0-1

[Event "*** Titled Tuesday Blitz"]
[Site "Chess.com"]
[Date "2020.05.05"]
[Round "8"]
[White "WPWPWP-2015"]
[Black "Piotrek1979"]
[Result "1-0"]
[WhiteElo "2446"]
[BlackElo "2286"]
[TimeControl "180+1"]
[EndTime "11:36:41 PDT"]
[Termination "WPWPWP-2015 won on time"]

1. e4 c5 2. Nf3 e6 3. d4 cxd4 4.
Nxd4 a6 5. Bd3 Nf6 6. O-O d6 7. Nd2 Nbd7 8. a4 b6 9. f4 Qc7 10. Kh1 h5 11. Qe2 h4 12. Nc4 h3 13. g4 Bb7 14. b3 d5 15. exd5 Nxd5 16. Kg1 Bc5 17. Qf2 Nb4 18. Be3 Nxd3 19. cxd3 Bxd4 20. Bxd4 Qc6 21.
Qg3 O-O-O 22. Rac1 Qh1+ 23. Kf2 Qg2+ 24. Qxg2 hxg2 25. Nd6+ Kb8 26. Rg1 Nf6 27. Bxf6 Rxd6 28. Be5 Rd8 29. h4 f6 30. Bxd6+ Rxd6 31. Rc3 Rd4 32. Ke3 e5 33. fxe5 fxe5 34. g5 Rg4 35. Rc2 Rg3+ 36. Kf2 Rxd3 37. h5 Rxb3 38. Re2 Rb4 39.
Rxe5 Rf4+ 40. Kg3 Rf1 41. Kh2 Rf4 42. h6 gxh6 43. g6 Rg4 44. Re8+ Ka7 45. Re6 h5 46.
Rf6 h4 47. Re1 h3 48. Rg1 Rg5 49. Kxh3 Rh5+ 50. Kg3 Rh1 51. Kf2 Rh4 52. Re6 Rg4 53. Rf6 a5 54. Re6 Bd5 55. Rf6 Kb7 56. Re1 Kc7 57. Kg1 Rh4 58. Kf2 Kd8 59. Rd1 Ke7 60.
Rxb6 1-0

[Event "*** Titled Tuesday Blitz"]
[Site "Chess.com"]
[Date "2020.05.05"]
[Round "8"]
[White "ChessWarrior3"]
[Black "reniite"]
[Result "0-1"]
[WhiteElo "2038"]
[BlackElo "1950"]
[TimeControl "180+1"]
[EndTime "11:36:41 PDT"]
[Termination "reniite won by resignation"]

1. e4 e5 2. Nf3 Nf6 3. d4 Nxe4 4. Nxe5 d5 5. Bd3 Bd6 6. Qf3 O-O 7. O-O Bxe5 8. dxe5 Nc5 9. b3 Nxd3 10. cxd3 d4 11. Qe4 f6 12. Ba3 Re8 13. f4 Nc6 14. Nd2 fxe5 15.
Rae1 Bd7 16. Qd5+ Be6 17. Qe4 exf4 18. Qxf4 Bd5 19. Rxe8+ Qxe8 20. Ne4 Bxe4 21. dxe4 h6 22. Qf5 Qe5 23. Qf7+ Kh7 24. Bf8 Rd8 25. Rf5 Rxf8 26.
Qxf8 Qxe4 27. Rf1 Qe3+ 28. Kh1 Qe4 29. Qf5+ Qxf5 30. Rxf5 Kg6 31. Rd5 Kf6 32. b4 Ke6 33.
Rc5 Ne5 34. Rc1 d3 35. Rd1 Kd5 36. Kg1 Kc4 37. Kf2 Kxb4 38. Ke3 Kc3 39. Ke4 Kc2 40. Rg1 Nc4 41. Kd4 Nb2 42. Ke3 d2 43. Ke2 d1=Q+ 44.
Rxd1 Nxd1 45. Kf3 Nc3 46. Kf4 Nxa2 47. Kf5 a5 48. Kg6 a4 49. Kxg7 a3 50. Kxh6 Nc3 51. g4 a2 52. g5 a1=Q 53. g6 Qa6 54. Kh7 Ne4 55. g7 Ng5+ 56. Kh8 Qh6+ 57. Kg8 Ne6 58. Kf7 Qxg7+ 59. Kxe6 Qh6+ 60. Kf5 Qxh2 61. Ke4 Qd6 62. Kf5 b5 63. Ke4 b4 64. Ke3 b3 65. Ke4 b2 66. Ke3 b1=Q 67. Ke4 Qe1+ 68. Kf5 Qf8+ 69. Kg4 Qg1+ 0-1

[Event "*** Titled Tuesday Blitz"]
[Site "Chess.com"]
[Date "2020.05.05"]
[Round "8"]
[White "Oglob71"]
[Black "FM_VS99"]
[Result "1-0"]
[WhiteElo "2476"]
[BlackElo "2314"]
[TimeControl "180+1"]
[EndTime "11:36:42 PDT"]
[Termination "Oglob71 won by resignation"]

1. d4 g6 2. e4 Bg7 3. Nc3 d6 4. Be3 c6 5. f3 b5 6. Qd2 a5 7. g4 Nf6 8. Nce2 h5 9. g5 Nfd7 10.
f4 Bb7 11. h4 c5 12. Ng3 b4 13. Nf3 Nc6 14. d5 Bxb2 15. dxc6 Bxa1 16. cxd7+ Qxd7 17. Kf2 Bc3 18. Qd1 a4 19. Bc4 Ba6 20. Qd3 Bxc4 21. Qxc4 Qe6 22. Qxe6 fxe6 23. Ke2 c4 24. Rb1 Kf7 25.
Bd4 Rhb8 26. Ke3 a3 27. Ne2 Bb2 28. Nd2 d5 29. Be5 Rb5 30. Nd4 Bxd4+ 31. Bxd4 Rab8 32. Be5 R8b7 33. Kd4 R7b6 34. Rf1 Rc6 35. f5 dxe4 36. fxg6+ Kxg6 37. Kxe4 Rd5 38. Nf3 c3 39. Bd4 Ra6 40. Ne5+ Kh7 41. Rf7+ Kg8 42. Rxe7 b3 43. cxb3 c2 44.
Rc7 Rad6 45. Be3 Rd1 46. Rxc2 Rh1 47. Bf2 Rb1 48. Rc8+ Kg7 49. Bc5 Rd5 50. Bd4 Re1+ 51. Be3 Re2 52. Rc7+ Kg8 53. Rc6 Kg7 54. Rxe6 Rxe5+ 55. Rxe5 Rxa2 56. Ra5 Rh2 57. Rxa3 Rxh4+ 58. Bf4 Rh3 59. Kf5 Rf3 60. Ra7+ Kg8 61. b4 Rb3 62. Rb7 Rd3 63. g6 Rd5+ 64. Be5 Rd1 65. Rb8+ 1-0

[Event "*** Titled Tuesday Blitz"]
[Site "Chess.com"]
[Date "2020.05.05"]
[Round "8"]
[White "dopolian"]
[Black "Wolverine_master"]
[Result "1-0"]
[WhiteElo "2397"]
[BlackElo "2219"]
[TimeControl "180+1"]
[EndTime "11:36:43 PDT"]
[Termination "dopolian won by resignation"]

1. e4 c5 2. Nf3 g6 3. d4 cxd4 4. Nxd4 Bg7 5. c4 Nc6 6. Nc2 d6 7. Be2 Nf6 8. Nc3 O-O 9. O-O a5 10. Bd2 a4 11. Ne3 Be6 12. f3 Nd7 13. Nxa4 Nc5 14.
Nc3 Qb6 15. Rb1 Nd4 16. Kh1 Nxe2 17. Qxe2 Na4 18. Ncd5 Bxd5 19. Nxd5 Qd8 20. b3 Nb6 21. Nxb6 Qxb6 22. Be3 Qb4 23. Rfd1 Rfc8 24. Bd4 Bxd4 25. Rxd4 b5 26. Rc1 bxc4 27. Rdxc4 Rxc4 28. Qxc4 Qxc4 29. Rxc4 Rxa2 30. h3 Rb2 31. b4 Kg7 32.
Kh2 Kf6 33. Kg3 h5 34. h4 Ke6 35.
Rd4 f6 36. Rc4 g5 37. hxg5 fxg5 38. Kh3 g4+ 39. fxg4 hxg4+ 40. Kg3 Ke5 41. Rc7 e6 42. Rc4 Ra2 43. Kxg4 Rxg2+ 44. Kf3 Rb2 45. Ke3 Rb3+ 46. Kd2 d5 47. exd5 exd5 48. Rh4 d4 49. Rh5+ Ke4 50.
b5 Rb2+ 51. Kc1 Rg2 52. b6 Rg7 53. Rb5 Rb7 54. Kd2 Rb8 55. b7 d3 56. Kc3 Ke3 57. Re5+ Kf2 58. Re7 d2 59. Kxd2 Kf3 60. Kd3 Kf4 61.
Kd4 Kf5 62. Kd5 Kf6 63. Rc7 Kf5 64. Kc6 Ke6 65. Rc8 Rxb7 66. Kxb7 1-0

[Event "*** Titled Tuesday Blitz"]
[Site "Chess.com"]
[Date "2020.05.05"]
[Round "8"]
[White "SCIM"]
[Black "vwnv7"]
[Result "1-0"]
[WhiteElo "2535"]
[BlackElo "2334"]
[TimeControl "180+1"]
[EndTime "11:36:44 PDT"]
[Termination "SCIM won on time"]

1. d4 d5 2. c4 e6 3. Nf3 Nf6 4. g3 dxc4 5. Bg2 Nc6 6. O-O Rb8 7. a4 b6 8. Na3 Bxa3 9. Rxa3 O-O 10. Rc3 Ba6 11.
Bg5 h6 12. Bh4 Nb4 13. g4 Nbd5 14. g5 Nxc3 15. bxc3 hxg5 16. Bxg5 Bb7 17. Ne5 Bxg2 18. Kxg2 Qd5+ 19. f3 Nh7 20. e4 Qb7 21. Be3 Rbd8 22. Kh1 c5 23. Rg1 cxd4 24. cxd4 f6 25. Nxc4 Qc6 26.
Qe2 Qxa4 27. Nd2 Qd7 28. Bh6 Rf7 29. Be3 Kh8 30. Nf1 a5 31. Qb2 b5 32. Ng3 b4 33.
Nh5 Qb5 34. Nf4 Re8 35. d5 exd5 36. Nxd5 b3 37. Nf4 a4 38. Ng6+ Kg8 39. Bh6 Qd3 40.
Nh4 a3 41. Qg2 g5 42. Bg7 Rxg7 43. Nf5 Rg6 44. h4 b2 45. h5 Rg7 46. Nh6+ Kh8 47.
Nf5 b1=Q 48. h6 Qxg1+ 49. Kxg1 Qd1+ 50. Kh2 Qd7 51. hxg7+ Kg8 52. Qh3 Rc8 53. Nh6+ Kxg7 54. Qxd7+ Kxh6 55. Qxc8 Kg6 56. Qc1 a2 57. Qa1 Nf8 58.
Qxa2 Nd7 59. Qc2 Ne5 60. Kg2 g4 61. f4 Nf7 62. e5+ f5 63. e6 1-0

[Event "*** Titled Tuesday Blitz"]
[Site "Chess.com"]
[Date "2020.05.05"]
[Round "8"]
[White "zubridis"]
[Black "KaterynaLagno"]
[Result "1/2-1/2"]
[WhiteElo "2463"]
[BlackElo "2594"]
[TimeControl "180+1"]
[EndTime "11:36:46 PDT"]
[Termination "Game drawn by agreement"]

1. Nf3 Nf6 2. c4 g6 3. Nc3 Bg7 4. e4 e5 5. d4 exd4 6. Nxd4 O-O 7. Be2 Re8 8. f3 c6 9. Nc2 d5 10. cxd5 cxd5 11. exd5 Qb6 12. Qd4 Nbd7 13. Qxb6 Nxb6 14. Ne3 Rd8 15. Kf2 Nfxd5 16. Nexd5 Nxd5 17. Rd1 Be6 18. Bg5 Nf6 19. Rxd8+ Rxd8 20. Rd1 Rxd1 21. Bxd1 a6 22. Bc2 Nd5 23. Nxd5 Bxd5 24. b3 Kf8 25. Ke3 Ke8 26. Be4 Bxe4 27. Kxe4 Kd7 28. Kd5 h5 29. h3 Bh8 30. g4 Bg7 31. gxh5 gxh5 32. Bf4 Bf6 33. Be5 Be7 34. Bd4 Bf8 35. Bf6 Bd6 36. Be5 Ba3 37. Bd4 Bd6 38. Bc3 Bc7 39. Bd2 Bd6 40. Bg5 Bc7 41. Bf6 Bd6 42. Be5 Ba3 43. Bf4 Bb2 44.
a4 Bc3 45. Be3 Bb2 46. f4 Bc3 47. f5 Bb2 48. Bf4 Ba3 49. Bd2 Bd6 50. Bc3 Bc7 51.
Bd4 Bd6 52. Bc3 Bc7 53. b4 Bd6 54. b5 axb5 55. axb5 Bg3 56. Bd4 Bd6 57. Bf6 Bg3 58. Bg7 Bd6 59. Bh8 Bc7 60. Bc3 Bd6 61. Bb2 Bc7 62.
Ba1 Bd6 63. Be5 Ba3 64. Bd4 Bd6 65. Bc3 Bc7 66. Be1 Bd6 67. Bf2 Bc7 68. Bc5 Bg3 69. Bd4 1/2-1/2

[Event "*** Titled Tuesday Blitz"]
[Site "Chess.com"]
[Date "2020.05.05"]
[Round "8"]
[White "Beca95"]
[Black "Chepaschess"]
[Result "1-0"]
[WhiteElo "2873"]
[BlackElo "2735"]
[TimeControl "180+1"]
[EndTime "11:36:47 PDT"]
[Termination "Beca95 won by resignation"]

1. Nf3 c5 2. e4 d6 3. d4 cxd4 4. Qxd4 Nc6 5. Bb5 a6 6. Bxc6+ bxc6 7. c4 e5 8. Qd3 Ne7 9. Nc3 Ng6 10. Bg5 f6 11.
Be3 Be6 12. O-O Be7 13. Rad1 O-O 14. b3 Qa5 15. Bd2 Qc7 16. Rc1 Qb7 17. Rfe1 Rad8 18. h3 Rd7 19. Be3 f5 20. Bg5 fxe4 21. Qxe4 d5 22.
cxd5 cxd5 23. Qe2 Rxf3 24. Bxe7 Rxc3 25. Rxc3 Rxe7 26. Rec1 d4 27. Rc6 Qb5 28. Qf3 h6 29. Qe4 Kh7 30. R1c5 Qb7 31. Rxe5 Qxc6 32. Qxc6 Nxe5 33.
Qd6 Ng6 34. Qxd4 Bf7 35. Kh2 Re6 36. Qc5 Rf6 37. f3 Nf4 38. Qc2+ Bg6 39. Qd2 Bf7 40. b4 g5 41. g3 Nd5 42. Qd4 Rc6 43.
Qd3+ Kg7 44. a3 Rc3 45. Qxa6 Rc2+ 46. Kg1 Rc1+ 47. Kf2 Rc2+ 48. Ke1 Rc3 49. b5 Rxf3 50.
b6 Nxb6 51. Qxb6 Rxg3 52. Kf2 Rxh3 53. a4 Rb3 54. Qd4+ Kg8 55. a5 Ra3 56. Qb4 Ra2+ 57. Ke3 h5 58. Qc5 g4 59. Kf4 g3 60. Kxg3 Rb2 61. Kh4 Rg2 62. Kh3 Rg6 63. Qb5 Be6+ 64. Kh2 Bf7 65. a6 Kg7 66. a7 1-0

[Event "*** Titled Tuesday Blitz"]
[Site "Chess.com"]
[Date "2020.05.05"]
[Round "8"]
[White "Gabrielian_Artur"]
[Black "ALeks_Ivlev"]
[Result "1/2-1/2"]
[WhiteElo "2717"]
[BlackElo "2595"]
[TimeControl "180+1"]
[EndTime "11:36:47 PDT"]
[Termination "Game drawn by repetition"]

1. d4 d5 2. Nf3 Nf6 3. Bf4 c5 4. e3 e6 5. Nbd2 Nc6 6. c3 Bd6 7.
Bg3 O-O 8. Bd3 Qc7 9. dxc5 Bxg3 10. hxg3 h6 11. b4 Rd8 12. Qe2 e5 13. e4 d4 14. cxd4 Nxb4 15. d5 Qxc5 16. O-O Bg4 17. Rfc1 Qe7 18. a3 Nxd3 19. Qxd3 Rac8 20. Nc4 Bxf3 21.
gxf3 Ne8 22. Rab1 b6 23. a4 Rc5 24. Ne3 g6 25. Rxc5 Qxc5 26. Ng4 Qd6 27. Qc3 f6 28. Nxh6+ Kg7 29. Ng4 Nc7 30. Rc1 Na6 31. Qc6 Nc5 32. Qb5 f5 33. Ne3 Kf6 34. Nc4 Qe7 35.
Qc6+ Kg7 36. d6 Qe6 37. a5 fxe4 38. axb6 Rh8 39. Qc7+ Nd7 40. Nxe5 Qxe5 41. Qxd7+ Kf6 42.
Qe7+ Qxe7 43. dxe7 axb6 44. fxe4 Kxe7 45. Rc6 Rb8 46.
Rxg6 b5 47. Rc6 b4 48. Rc2 b3 49. Rb2 Kd6 50. Kf1 Kc5 51. Ke2 Kc4 52. Kd2 Rd8+ 53. Kc1 Kc3 54. Re2 Ra8 55. Re3+ Kc4 56. e5 Ra1+ 57.
Kb2 Ra2+ 58. Kb1 Rxf2 59. e6 Rf1+ 60. Kb2 Rf2+ 61. Kc1 Rf1+ 62. Kb2 Rf2+ 63. Kc1 Rf1+ 64. Kb2 1/2-1/2

[Event "*** Titled Tuesday Blitz"]
[Site "Chess.com"]
[Date "2020.05.05"]
[Round "8"]
[White "Misticpikachu"]
[Black "Baronessa08"]
[Result "1-0"]
[WhiteElo "2313"]
[BlackElo "2448"]
[TimeControl "180+1"]
[EndTime "11:36:47 PDT"]
[Termination "Misticpikachu won by resignation"]

1. c4 c5 2. g3 Nc6 3. Bg2 g6 4. Nf3 Bg7 5. O-O d6 6. Nc3 e6 7. e3 Nge7 8. d4 cxd4 9. exd4 O-O 10. Bg5 h6 11. Bxe7 Qxe7 12. Re1 Qd8 13. Rc1 a6 14. d5 exd5 15. Qxd5 Be6 16. Qd3 Rc8 17. b3 Bf5 18. Qd2 Rb8 19. Nd5 Ne5 20. Nxe5 dxe5 21. Rcd1 Be6 22.
Ne3 Qb6 23. Nd5 Qc5 24. Qe3 Qa3 25. Rd2 Rfd8 26. Red1 Kh7 27. h4 b5 28. Nc7 Rxd2 29. Qxd2 Bf5 30. Nd5 bxc4 31. bxc4 Rb2 32. Qe3 Qxa2 33. c5 Rb1 34. Rxb1 Qxb1+ 35. Kh2 a5 36. c6 Qc2 37. Qc3 Qxc3 38. Nxc3 Bf8 39. c7 Bd6 40. Nb5 Bxc7 41. Nxc7 g5 42. hxg5 hxg5 43.
Bd5 Kg6 44. Nb5 Bd3 45. Nc3 f5 46. Kg2 Kf6 47. Ba2 e4 48. f3 Ke5 49. fxe4 fxe4 50. Kf2 Kd4 51. Ne2+ Kc5 52. Ke3 a4 53. Nc3 Kb4 54.
Nxe4 Bxe4 55. Kxe4 Ka3 56. Be6 Kb2 57. Kf5 a3 58. Kxg5 a2 59. Bxa2 1-0

[Event "*** Titled Tuesday Blitz"]
[Site "Chess.com"]
[Date "2020.05.05"]
[Round "8"]
[White "IMRosen"]
[Black "adriangschnitzer"]
[Result "0-1"]
[WhiteElo "2552"]
[BlackElo "2452"]
[TimeControl "180+1"]
[EndTime "11:36:50 PDT"]
[Termination "adriangschnitzer won by checkmate"]

1. d4 Nf6 2. Bf4 c5 3. e3 Qb6 4. Na3 Qxb2 5. Nb5 Nd5 6. a3 a6 7.
Bc4 Nxf4 8. Rb1 Qxb1 9. Nc7+ Kd8 10. Qxb1 Nxg2+ 11. Kf1 Nxe3+ 12. fxe3 Kxc7 13. dxc5 b5 14. cxb6+ Kb7 15. Nf3 e6 16. Ne5 Bc5 17. Be2 d5 18. c4 Nd7 19. Nxd7 Bxd7 20. cxd5 exd5 21. Bf3 Bc6 22. Qf5 Rad8 23. Kg2 Bxe3 24. Re1 Bxb6 25.
Qxf7+ Rd7 26. Qe6 Rhd8 27. Rb1 Rd6 28. Qe5 Ka7 29. a4 d4 30. Bxc6 Rxc6 31. Qxg7+ Rc7 32.
Qh6 Bc5 33. a5 d3 34. Rd1 Rg8+ 35. Kf3 Rg6 36. Qh5 Rf7+ 37. Ke4 Re6+ 38. Kd5 Rfe7 39. Kxc5 Re5+ 40. Qxe5 Rxe5+ 41. Kd4 Rxa5 42. Rxd3 Rh5 43.
Rd2 a5 44. Ke4 Kb6 45. Rd8 a4 46. Rb8+ Kc5 47. Kf4 a3 48. Ra8 Kb4 49. Kg3 Ra5 50. Rb8+ Kc3 51. Rb1 a2 52. Ra1 Kb2 53. Rf1 a1=Q 54.
Rf2+ Kc3 55. h4 Kd4 56. h5 Ke5 57. h6 Qc3+ 58. Kg2 Ra3 59. Re2+ Kf5 60. Rf2+ Kg5 61.
Kh1 Qh3+ 62. Kg1 Ra1+ 63. Rf1 Rxf1# 0-1

[Event "*** Titled Tuesday Blitz"]
[Site "Chess.com"]
[Date "2020.05.05"]
[Round "8"]
[White "aakankshachess"]
[Black "DACF2905"]
[Result "0-1"]
[WhiteElo "2496"]
[BlackElo "2230"]
[TimeControl "180+1"]
[EndTime "11:36:51 PDT"]
[Termination "DACF2905 won by resignation"]

1. e4 c5 2. Nf3 e6 3. d4 cxd4 4. Nxd4 a6 5. c4 Nf6 6. Nc3 Qc7 7. Bd3 Bc5 8. Nc2 b6 9. O-O Bb7 10. Kh1 Be7 11. Be3 d6 12. Rc1 Nbd7 13. b4 Rc8 14.
Nd4 Qb8 15. Qe2 O-O 16. f4 Rfe8 17. a3 g6 18. Qe1 Bf8 19. Qg3 Bg7 20. f5 exf5 21.
exf5 Nh5 22. Qh3 Ne5 23. Be2 Nxc4 24. Bxc4 Rxc4 25. fxg6 hxg6 26. Nce2 Qc8 27. Rxc4 Qxc4 28. Qd7 Bxg2+ 29. Kxg2 Rxe3 30. Qg4 Bxd4 31. Nxd4 Qd5+ 32. Kg1 Re4 33. Qc8+ Kg7 34. Nf3 Re2 35. Qc3+ f6 36. Qc7+ Kh6 37. Qc1+ g5 38. Qc8 Qe6 39. Qh8+ Kg6 40.
Kh1 Qe8 41. Qxe8+ Rxe8 42. Rd1 Re3 43. Kg2 Nf4+ 44. Kf2 Rxa3 45. Rxd6 b5 46. Ne5+ Kf5 47. Nd7 Ra2+ 48. Kf1 Rxh2 49. Rxf6+ Kg4 50. Rc6 Rb2 51. Ne5+ Kg3 52. Rc3+ Kh4 53. Nf3+ Kg4 54. Ne5+ Kf5 55. Nc6 Ke4 56. Ra3 g4 57. Rg3 Kf5 58. Nd4+ Kg5 59. Nc6 Kh4 60. Re3 g3 61. Re1 g2+ 62. Kg1 Kg3 63.
Re3+ Kg4 64. Kh2 Rb1 65. Rg3+ Kf5 66. Rxg2 Nxg2 67. Kxg2 Ke4 68. Kf2 Kd5 69. Nb8 Rxb4 70. Nxa6 Rc4 71. Nc7+ Rxc7 0-1

[Event "*** Titled Tuesday Blitz"]
[Site "Chess.com"]
[Date "2020.05.05"]
[Round "8"]
[White "Rozum_Ivan"]
[Black "Perimir"]
[Result "1-0"]
[WhiteElo "2664"]
[BlackElo "2354"]
[TimeControl "180+1"]
[EndTime "11:36:52 PDT"]
[Termination "Rozum_Ivan won by checkmate"]

1. e4 c5 2. Nf3 d6 3. g3 Nc6 4.
Bg2 g6 5. O-O Bg7 6. c3 e5 7. d3 Nge7 8. a3 O-O 9. b4 h6 10. Bb2 Be6 11. Re1 Qd7 12. Nbd2 b6 13. Nf1 Kh7 14. d4 d5 15. exd5 Bxd5 16. dxc5 bxc5 17. c4 Be6 18. Qxd7 Bxd7 19. b5 Na5 20. Nxe5 Rad8 21. Nxd7 Rxd7 22. Bxg7 Kxg7 23. Ne3 Rfd8 24. Nd5 Nc8 25. Rac1 Nb6 26. Nxb6 axb6 27. Bd5 Nb3 28. Rc3 Nd4 29. Kg2 Ra7 30. Kf1 Rdd7 31. Re8 Re7 32. Rxe7 Rxe7 33. a4 Ra7 34. Ra3 Nc2 35. Ra2 Nb4 36.
Re2 Kf6 37. Re8 Rxa4 38. Rb8 Nxd5 39. cxd5 Ke5 40. Rxb6 Kxd5 41. Rb7 f5 42. Rd7+ Kc4 43. b6 Rb4 44. Rd6 Kc3 45. Rxg6 c4 46. Rxh6 Kd2 47.
Rd6+ Kc2 48. h4 c3 49. h5 f4 50. h6 f3 51. Kg1 Rb1+ 52. Kh2 Rb5 53. g4 Kc1 54. h7 Rb2 55. Kg3 Rxf2 56. Kxf2 c2 57. h8=Q Kb1 58. Rc6 Kc1 59. Qc3 Kb1 60. Qxc2+ Ka1 61.
Qa4+ Kb2 62. Rc2+ Kb1 63. Qa2# 1-0

[Event "*** Titled Tuesday Blitz"]
[Site "Chess.com"]
[Date "2020.05.05"]
[Round "8"]
[White "mamey78"]
[Black "Chessalary"]
[Result "1-0"]
[WhiteElo "2323"]
[BlackElo "2166"]
[TimeControl "180+1"]
[EndTime "11:36:52 PDT"]
[Termination "mamey78 won by resignation"]

1. e4 c5 2. Nf3 d6 3. d4 cxd4 4. Nxd4 Nf6 5. Nc3 a6 6. Bg5 e6 7. f4 Nbd7 8. Qe2 Qc7 9. O-O-O Be7 10. g4 O-O 11. h4 b5 12. a3 Bb7 13. h5 Rac8 14.
Bh4 Nc5 15. Bg2 Qa5 16. g5 Nfd7 17. g6 Bxh4 18. Rxh4 b4 19. axb4 Qxb4 20. h6 fxg6 21.
hxg7 Rf7 22. f5 e5 23. Ne6 gxf5 24. Qh5 Nf6 25. Qxf5 Nxe6 26. Qxe6 Qc4 27. Bh3 Rc7 28.
Qxc4 Rxc4 29. Be6 Rd4 30. Rf1 Kxg7 31. Bxf7 Kxf7 32. Rxh7+ Ke6 33. Rxb7 Nxe4 34. Nxe4 Rxe4 35. Rb6 Ra4 36. Rd1 e4 37. Rdxd6+ Ke5 38. Rxa6 Rb4 39. b3 Kf4 40. Rf6+ Ke3 41. Rae6 Rb8 42. Rf7 Rd8 43. Rfe7 Rd4 44. Rxe4+ Rxe4 45. Rxe4+ Kxe4 46. Kb2 Kd5 47. c4+ Kc5 48. Kc3 Kb6 49. b4 Kc6 50. b5+ Kb6 51.
Kb3 Kc7 52. Kb4 Kb6 53. c5+ Kc7 54. Ka5 Kb7 55. c6+ Kc7 56. Kb4 Kb6 57. Kc4 Kc7 58.
Kb4 Kb6 59. Kc4 Kc7 60. Kc5 Kb8 61. b6 Ka8 62. Kd6 Kb8 63. Kd7 Ka8 64. b7+ Kb8 65.
c7+ Kxb7 66. c8=Q+ Kb6 67. Qc4 Ka7 68. Qb5 Ka8 69.
Kc8 1-0